 Dungeon Crawl Stone Soup version 0.17.0-24-gcfadda4 (webtiles) character file.

158 oplop the Insei (level 5, 0/39 HPs)
             Began as an Octopode Transmuter on Nov 15, 2015.
             Slain by Menkaure (12 damage)
             ... on level 4 of the Dungeon.
             The game lasted 00:04:09 (3113 turns).

oplop the Insei (Octopode Transmuter)               Turns: 3113, Time: 00:04:09

Health: 0/39       AC:  1    Str: 10    XL:     5   Next: 40%
Magic:  9/9        EV: 12    Int: 16    God:
Gold:   150        SH:  0    Dex: 12    Spells: 1 memorised, 8 levels left

rFire  . . .     SeeInvis .       - Unarmed
rCold  . . .     Clarity  .     (no shield)
rNeg   + . .     SustAt   .     (helmet restricted)
rPois  .         Gourm    .     (no amulet)
rElec  .         Spirit   .     j - ring of positive energy
rCorr  .         Warding  .     (no ring)
rMut   .         Stasis   .     (no ring)
MR     .....                    (no ring)
Stlth  ++........               (no ring)
                                (no ring)
                                (no ring)
                                (no ring)

@: appendage, very slightly contaminated, invisible, not resistant to hostile
enchantments, unstealthy
A: almost no armour, amphibious, 8 rings, constrict 8, tentacle spike 3,
camouflage 1, robust 1, gelatinous body 1
a: End Transformation


You were on level 4 of the Dungeon.
You were not hungry.
One of your tentacles had a temporary spike.
You visited 1 branch of the dungeon, and saw 4 of its levels.

You collected 150 gold pieces.

Inventory:

Missiles
 a - 33 arrows
Jewellery
 j - a ring of positive energy (left tentacle)
 p - an uncursed ring of protection from fire {unknown}
Wands
 q - a wand of paralysis (24)
Scrolls
 f - 3 scrolls of fear
 h - 2 scrolls of remove curse {unknown}
 m - 2 scrolls of identify
 n - a scroll of magic mapping {unknown}
 r - a scroll of random uselessness {unknown}
Potions
 k - a potion of brilliance {unknown}
Books
 b - a book of Changes

   Spells                             Type                      Level
   a - Beastly Appendage              Transmutation                1
   b - Sticks to Snakes               Transmutation                2
   c - Spider Form                    Transmutation/Poison         3
   d - Ice Form                       Ice/Transmutation            4
   e - Blade Hands                    Transmutation                5
Comestibles
 c - 3 bread rations
 l - a beef jerky


   Skills:
 + Level 2.8 Fighting
 - Level 2.0 Dodging
 + Level 4.0 Unarmed Combat
 + Level 2.6 Spellcasting
 + Level 3.1 Transmutations


You had 8 spell levels left.
You knew the following spells:

 Your Spells              Type           Power        Failure   Level  Hunger
a - Beastly Appendage     Trmt           ##....       8%          1    #......


Dungeon Overview and Level Annotations

Branches:
Dungeon (4/15)
 Temple: D:4-7

Altars:
Ashenzari
Cheibriados
Dithmenos
Kikubaaqudgha
Okawaru
The Shining One

Annotations:
D:4 Menkaure


Innate Abilities, Weirdness & Mutations

You cannot wear most types of armour.
You are amphibious.
You can wear up to eight rings at the same time.
You can use your tentacles to constrict eight enemies at once.
Your skin changes colour to match your surroundings (Stealth).
Your rubbery body absorbs attacks (AC +1).
One of your tentacles bears a large vicious spike.
You are robust (+10% HP).


Message History

Menkaure is lightly damaged.
Menkaure hits you.
You tentacle-slap Menkaure. Your grab misses Menkaure.
Your tentacle-slap misses Menkaure.
Menkaure is moderately damaged.
Menkaure closely misses you.
You closely miss Menkaure. You grab Menkaure.
You pierce Menkaure, but do no damage.
You squeeze Menkaure!
Menkaure is heavily damaged.
You constrict Menkaure, but do no damage.
Menkaure hits you!
* * * LOW HITPOINT WARNING * * *
Drink which item? (? for menu, Esc to quit)
You feel much better.
You constrict Menkaure. Menkaure hits you!!
Ouch! That really hurt!
* * * LOW HITPOINT WARNING * * *
Drink which item? (? for menu, Esc to quit)
It was a potion of curing.
You feel better.
You constrict Menkaure. Menkaure completely misses you. Menkaure hits you!
You die...

##### #.....
#.##..#####... .wa.......
#...........M. ...<......
#.####.### ..........
#.##.....## ..........
#.#.....@.# ..........
#.#......M# ..........
#....._...... ..........
#.#.......#... ........>#
#.#.......#.............#
#.##.....## .............
#.####.### .......#...#
##........ ...<..##..##
#.......... ######.###


You could see Menkaure.

Vanquished Creatures
  Natasha (twice) (D:2)
  3 gnolls (D:3)
  4 adders
  A worm (D:2)
  4 orcs
  2 ball pythons
  11 bats
  2 giant cockroaches (D:1)
  5 goblins
  7 hobgoblins
  3 giant geckos
  4 giant newts
  2 jackals (D:1)
  4 kobolds
  A quokka skeleton (D:3)
  8 rats
63 creatures vanquished.

Notes
Turn   | Place    | Note
--------------------------------------------------------------
     0 | D:1      | oplop the Octopode Transmuter began the quest for the Orb.
     0 | D:1      | Reached XP level 1. HP: 13/13 MP: 3/3
   124 | D:1      | Reached XP level 2. HP: 5/18 MP: 5/5
   731 | D:1      | Reached XP level 3. HP: 24/24 MP: 6/6
   862 | D:2      | Noticed Natasha
   870 | D:2      | Killed Natasha
  1388 | D:2      | Reached XP level 4. HP: 27/29 MP: 7/7
  1579 | D:2      | Noticed Natasha
  1591 | D:2      | Killed Natasha
  1996 | D:3      | Found a shadowy altar of Dithmenos.
  2163 | D:3      | Found a glowing golden altar of the Shining One.
  2299 | D:3      | Found an iron altar of Okawaru.
  2322 | D:3      | Reached XP level 5. HP: 14/35 MP: 6/8
  2624 | D:4      | Reached skill level 4 in Unarmed Combat
  2773 | D:4      | Found a snail-covered altar of Cheibriados.
  2839 | D:4      | Found a shattered altar of Ashenzari.
  3095 | D:4      | Found an ancient bone altar of Kikubaaqudgha.
  3100 | D:4      | Noticed Menkaure
  3108 | D:4      | Gained mutation: You are robust (+10% HP). [potion of mutation]
  3113 | D:4      | Slain by Menkaure

Action                   |  1- 3 |  4- 6 || total
-------------------------+-------+-------++-------
Melee: Unarmed           |    72 |    80 ||   152
 Cast: Beastly Appendage |    22 |    20 ||    42
  Use: Scroll            |       |     7 ||     7
       Potion            |       |     5 ||     5
 Stab: Sleeping          |     5 |     3 ||     8
       Distracted        |     1 |       ||     1
  Eat: Chunk             |     2 |     3 ||     5
       Fruit             |       |     3 ||     3
